 Dungeon Crawl Stone Soup version 0.24-a0-361-g57161393b2 (webtiles) character file.

Game seed: 6783250445383300793

5028 MisterOstroum the Fighter (level 10, -2/87 HPs)
             Began as a Demonspawn Wanderer on May 26, 2019.
             Was a Priest of Okawaru.
             Slain by a wyvern zombie (6 damage)
             ... on level 8 of the Dungeon.
             The game lasted 00:16:17 (8538 turns).

MisterOstroum the Fighter (Demonspawn Wanderer)     Turns: 8538, Time: 00:16:17

Health: -2/87      AC:  8    Str: 15    XL:     10   Next: 30%
Magic:  10/10      EV: 11    Int: 14    God:    Okawaru [***...]
Gold:   417        SH:  0    Dex: 18    Spells: 9/9 levels left

rFire    + . .     SeeInvis .   a - +2 Maxwell's thermic engine {flame, freeze}
rCold    . . .     Gourm    .   (no shield)
rNeg     . . .     Faith    .   K - +2 leather armour
rPois    .         Spirit   .   M - +0 helmet (curse)
rElec    .         Reflect  .   (no cloak)
rCorr    .         Harm     .   g - +0 pair of gloves
MR       .....                  y - +0 pair of boots
Stlth    +++.......             (no amulet)
HPRegen  0.24/turn              u - ring of protection from fire
MPRegen  0.12/turn              J - +5 ring of dexterity

@: no status effects
A: talons 2, nightstalker 1, spiny 1
a: Heroism, Renounce Religion


You were on level 8 of the Dungeon.
You worshipped Okawaru.
Okawaru was most pleased with you.
You were not hungry.

You visited 2 branches of the dungeon, and saw 10 of its levels.

You collected 417 gold pieces.

Inventory:

Hand Weapons
 a - the +2 Maxwell's thermic engine (weapon) {flame, freeze}
   (You found it on level 7 of the Dungeon)

   It has been specially enchanted to burn those struck by it, causing extra
   injury to most foes and up to half again as much damage against particularly
   susceptible opponents.
   Big, fiery blades are also staple armaments of hydra-hunters.
   It has been specially enchanted to freeze those struck by it, causing extra
   injury to most foes and up to half again as much damage against particularly
   susceptible opponents.
 b - a +0 hand crossbow
Missiles
 c - 160 stones (quivered)
 l - 53 bolts
Armour
 g - a +0 pair of gloves (worn)
 y - a +0 pair of boots (worn)
 K - a +2 leather armour (worn)
 M - a cursed +0 helmet (worn)
Jewellery
 i - an uncursed ring of positive energy
 u - a ring of protection from fire (left hand)
 J - a +5 ring of dexterity (right hand)
 L - an uncursed ring of resist corrosion
Wands
 E - a wand of acid (11)
 G - a wand of random effects (19)
Scrolls
 h - 10 scrolls of identify {@r1}
 k - 6 scrolls of remove curse {@r2}
 n - 3 scrolls of immolation {unknown}
 o - 2 scrolls of torment {unknown}
 q - 3 scrolls of teleportation {unknown}
 r - a scroll of noise {unknown}
 s - 5 scrolls of fear {unknown}
 v - 7 scrolls of magic mapping {unknown}
 C - a scroll of enchant armour {unknown}
 H - 2 scrolls of enchant weapon {unknown}
 I - a scroll of vulnerability {unknown}
 N - a scroll of amnesia {unknown}
Potions
 d - 2 potions of curing {@q1 !q}
 f - 2 potions of resistance
 m - 3 potions of heal wounds {unknown}
 p - 3 potions of cancellation {unknown}
 t - a potion of ambrosia {unknown}
 w - a potion of brilliance {unknown}
 x - a potion of magic {unknown}
 z - 5 potions of agility {@q5 !q}
 A - a potion of flight {unknown}
 B - 2 potions of lignification {unknown}
Comestibles
 e - 14 rations


   Skills:
 + Level 11.1 Fighting
 + Level 3.1 Long Blades
 + Level 9.8 Crossbows
 - Level 1.0 Armour
 - Level 1.0 Dodging
 - Level 1.7 Stealth


You had 9 spell levels left.
You didn't know any spells.
Your spell library was empty.

Dungeon Overview and Level Annotations

Branches:
Dungeon (9/15)             Temple (1/1) D:5            Lair (0/6) D:8
    Orc: D:9-12

Altars:
Cheibriados
Dithmenos
Elyvilon
Fedhas
Gozag
Hepliaklqana
Kikubaaqudgha
Makhleb
Nemelex Xobeh
Okawaru
Qazlal
Ru
Sif Muna
Trog
Vehumet
Wu Jian
Xom
Zin
The Shining One
Lugonu

Annotations:
D:7 5 runed translucent doors, Crazy Yiuf


Innate Abilities, Weirdness & Mutations

You have razor-sharp toenails.
You are slightly more attuned to the shadows.
You are partially covered in sharp spines.


Message History

Press: ? - help, Shift-Dir - straight line, f/p - wight
Aim: a wight, wielding a +3 trident and wearing a +0 robe You throw a stone.
The stone hits the wight but does no damage.
The wight hits you with a cursed +3 trident.
You barely miss the wight.
The wight hits you with a cursed +3 trident.
You feel drained.
You hit the wight. You burn the wight.
The wight is moderately damaged.
The wight hits you with a cursed +3 trident.
You feel drained. The wight is struck by your spines.
The wight barely misses you.
You hit the wight. You burn the wight.
You destroy the wight!
Okawaru accepts your kill.
Things that are here:
a cursed +3 trident; a +0 robe
c - 157 stones (gained 1)
Things that are here:
a cursed +3 trident; a +0 robe
c - 158 stones (gained 1)
A giant cockroach comes into view.
You see here an adder corpse.
A giant cockroach is nearby!
A giant cockroach is nearby!
Throwing (i - inventory)
c - 158 stones (quivered)
Press: ? - help, Shift-Dir - straight line, f - giant cockroach
Aim: a giant cockroach (clinging, hasn't noticed you)
You throw a stone.
The stone hits the giant cockroach but does no damage.
Throwing (i - inventory)
c - 157 stones (quivered)
Press: ? - help, Shift-Dir - straight line, f/p - giant cockroach
Aim: a giant cockroach (clinging)
You throw a stone.
The stone barely misses the giant cockroach.
A bullfrog comes into view.
You barely miss the giant cockroach.
The giant cockroach bites you but does no damage.
A cyclops comes into view.
The giant cockroach is struck by your spines.
You kill the giant cockroach!
Okawaru accepts your kill.
Throwing (i - inventory)
c - 156 stones (quivered)
Press: ? - help, Shift-Dir - straight line, f - cyclops
Aim: a cyclops (hasn't noticed you)
You throw a stone. The stone barely misses the cyclops.
The cyclops shouts!
You hear a croak.
The cyclops throws a large rock.
The large rock hits you!!!
You are too injured to fight recklessly!
You are too injured to fight recklessly!
You are too injured to fight recklessly!
You are too injured to fight recklessly!
The cyclops is struck by your spines. The cyclops hits you.
You see here 2 stones.
You hit the cyclops. You burn the cyclops. You freeze the cyclops.
The cyclops is moderately wounded.
The bullfrog is struck by your spines. The bullfrog barely misses you.
You riposte.
You closely miss the bullfrog.
The bullfrog is moderately wounded.
The cyclops hits you!!
* * * LOW HITPOINT WARNING * * *
You slash the cyclops! You burn the cyclops. You freeze the cyclops.
The cyclops is severely wounded.
The bullfrog hits you.
* * * LOW HITPOINT WARNING * * *
The bullfrog hits you.
* * * LOW HITPOINT WARNING * * *
The cyclops hits you.
* * * LOW HITPOINT WARNING * * *
You slash the cyclops! You burn the cyclops. You freeze the cyclops.
The cyclops is almost dead.
The bullfrog misses you.
You riposte.
You slash the bullfrog! You burn the bullfrog.
You kill the bullfrog!
Okawaru accepts your kill. The cyclops completely misses you.
You riposte.
You barely miss the cyclops.
The cyclops is almost dead.
You hit the cyclops. You burn the cyclops.
You kill the cyclops!
Okawaru is honoured by your kill.
Okawaru will now gift you ammunition as you gain piety.
Your life force feels restored.
Your Long Blades skill increases to level 3!
Things that are here:
a large rock; an adder corpse
c - 157 stones (gained 2)
c - 158 stones (gained 1)
You see here a bullfrog corpse.
c - 160 stones (gained 2)
A wyvern zombie comes into view.
You see here a stone.
The wyvern zombie is struck by your spines.
The wyvern zombie bites you!
* * * LOW HITPOINT WARNING * * *
There is an escape hatch in the ceiling, spattered with blood here.
You see here 2 stones.
Really go through this one-way escape hatch?
The wyvern zombie bites you.
You die...

...### ##.. ##.#.. ...#.#
##..# #..... ...#.# ..(#
##.##. ###'.#######(##
#.##. #...(...)..(.(# #
#.##.
##.#########..########.##
#.##. #.
####(†##.......... #.##.
..
........(...........##O##.
##.
#####..##@##.#..O......##.
#. #.....Z.....##.#####
....(..#####. ####.####
#.# #.


You could see a wyvern zombie.

Vanquished Creatures
  A two-headed ogre (D:8)
  An unseen horror (D:7)
  A cyclops (D:8)
  Prince Ribbit (D:7)
  A hungry ghost (D:7)
  Menkaure (D:5)
  2 orc warriors
  2 ice beasts (D:8)
  3 phantoms
  4 ogres
  A centaur (D:5)
  9 bullfrogs
  2 scorpions (D:7)
  A wight (D:8)
  3 howler monkeys
  4 crimson imps
  A centaur zombie (D:6)
  A bullfrog zombie (D:5)
  6 hounds
  2 bullfrog skeletons
  2 jellies (D:6)
  An orc priest (D:7)
  3 iguanas
  6 orc wizards
  3 worker ants
  2 hound skeletons (D:4)
  A hound zombie (D:7)
  A worker ant zombie (D:5)
  Robin (D:4)
  2 howler monkey skeletons
  4 gnolls (D:2)
  5 adders
  A shadow imp (D:5)
  An ooze (D:1)
  An adder skeleton (D:4)
  5 worms
  4 dart slugs
  A leopard gecko (D:5)
  37 orcs
  4 ball pythons
  9 giant cockroaches
  15 goblins
  9 hobgoblins
  17 jackals
  6 quokkas
  8 bats
  2 frilled lizards
  A jackal skeleton (D:4)
  A jackal zombie (D:5)
  11 kobolds
  A leopard gecko skeleton (D:4)
  A leopard gecko zombie (D:8)
  A quokka zombie (D:5)
  9 rats
223 creatures vanquished.

Notes
Turn   | Place    | Note
-------+----------+-------------------------------------------
     0 | D:1      | MisterOstroum the Demonspawn Wanderer began the quest for
                  | the Orb.
     0 | D:1      | MisterOstroum set off with the following items: a +0 hand
                  | crossbow, a +2 leather armour, 29 bolts, a potion of curing
                  | {@q1 !q}, a ration, a +0 dagger
     0 | D:1      | Reached XP level 1. HP: 19/19 MP: 1/1
    25 | D:1      | Gained mutation: You have sharp toenails. [demonic
                  | ancestry]
    25 | D:1      | Reached XP level 2. HP: 25/25 MP: 2/2
   327 | D:1      | Gained mutation: You are partially covered in sharp spines.
                  | [demonic ancestry]
   327 | D:1      | Reached XP level 3. HP: 31/31 MP: 3/3
   759 | D:2      | Found a hazy altar of Hepliaklqana.
   832 | D:2      | Found a blossoming altar of Fedhas.
  1207 | D:2      | Reached XP level 4. HP: 38/38 MP: 4/4
  1267 | D:2      | Found an ancient bone altar of Kikubaaqudgha.
  1267 | D:2      | Found a bloodstained altar of Trog.
  1334 | D:2      | Found a deep blue altar of Sif Muna.
  1361 | D:2      | Reached skill level 5 in Fighting
  2184 | D:3      | Gained mutation: You have razor-sharp toenails. [demonic
                  | ancestry]
  2184 | D:3      | Reached XP level 5. HP: 44/44 MP: 5/5
  2252 | D:3      | You fall into a shaft and drop 1 floor!
  2261 | D:4      | Noticed Robin
  2595 | D:4      | Killed Robin
  3185 | D:4      | Found a radiant altar of Vehumet.
  3189 | D:4      | Noticed an ogre
  3484 | D:4      | Reached XP level 6. HP: 52/52 MP: 6/6
  3627 | D:4      | Reached skill level 6 in Fighting
  3804 | D:4      | Found a shimmering altar of Xom.
  4011 | D:5      | Entered Level 5 of the Dungeon
  4098 | D:5      | Reached skill level 5 in Crossbows
  4125 | D:5      | Reached XP level 7. HP: 34/59 MP: 7/7
  4272 | D:5      | Noticed Menkaure
  4276 | D:5      | Killed Menkaure
  4276 | D:5      | Reached skill level 7 in Fighting
  4713 | D:5      | Reached XP level 8. HP: 64/68 MP: 8/8
  4799 | D:5      | Found a staircase to the Ecumenical Temple.
  4845 | D:5      | Found an ornate altar of the Wu Jian Council.
  4893 | D:5      | Found a burning altar of Makhleb.
  5152 | D:6      | Reached skill level 8 in Fighting
  5328 | D:6      | You fall into a shaft and drop 3 floors!
  5541 | D:8      | Found a staircase to the Lair.
  5758 | D:7      | Reached skill level 9 in Fighting
  6210 | D:6      | Reached XP level 9. HP: 38/76 MP: 9/9
  6274 | Temple   | Entered the Ecumenical Temple
  6422 | Temple   | Became a worshipper of Warmaster Okawaru
  6504 | D:6      | Found an opulent altar of Gozag.
  7044 | D:7      | Found a large runed translucent door.
  7045 | D:7      | Found a large runed translucent door.
  7445 | D:7      | Noticed Prince Ribbit
  7455 | D:7      | Killed Prince Ribbit
  7544 | D:7      | Found a large runed translucent door.
  7545 | D:7      | Found a large runed translucent door.
  7579 | D:7      | Reached skill level 10 in Fighting
  7584 | D:7      | Killed an unseen horror
  7584 | D:7      | Reached * piety under Okawaru
  7680 | D:7      | Found the +2 Maxwell's thermic engine {flame, freeze}
  7840 | D:7      | Found a runed translucent door.
  7841 | D:7      | Noticed Crazy Yiuf
  8061 | D:8      | Noticed a two-headed ogre
  8072 | D:8      | Killed a two-headed ogre
  8072 | D:8      | Reached ** piety under Okawaru
  8072 | D:8      | Reached skill level 1 in Long Blades
  8072 | D:8      | Gained mutation: You are slightly more attuned to the
                  | shadows. [demonic ancestry]
  8072 | D:8      | Reached XP level 10. HP: 62/86 MP: 10/10
  8360 | D:8      | Found a sparkling altar of Nemelex Xobeh.
  8373 | D:8      | Found a sacrificial altar of Ru.
  8431 | D:8      | Reached skill level 11 in Fighting
  8522 | D:8      | Noticed a cyclops
  8528 | D:8      | Killed a cyclops
  8528 | D:8      | Reached *** piety under Okawaru
  8537 | D:8      | HP: 4/87 [wyvern zombie (13)]
  8538 | D:8      | Slain by a wyvern zombie

Levels and vault maps discovered:
D:1:      minmay_arrival_hallway, layout_rooms, minmay_tetromino_l2
D:2:      layout_basic, nicolae_overflow_hidden_temple, old_standard_altar,
          nicolae_overflow_crystal_walls, amethyst_overflow_temple_binary
D:3:      layout_basic
D:4:      layout_basic, xom_teletrap_fun, overflow_temple_1_default,
          first_ration, uniq_robin
D:5:      layout_basic, kennysheep_mini_moat, lemuel_round_altar,
          minmay_temple_entry_trees, uniq_menkaure
D:6:      wander_river, layout_basic, grunt_gozag_breadcrumbs,
          chequers_serial_rivers_room_b, grunt_decor_mini_mirrors, hex_tiny,
          minmay_small_thing
D:7:      layout_basic, minmay_hollow_rounded_squares, uniq_prince_ribbit1,
          uniq_crazy_yiuf_cottage
D:8:      layout_loops_ring, nicolae_ru_great_annihilating_truth,
          nemelex_xobeh_ov_fountains_minmay, gammafunk_temple_overflow_claw,
          lair_entry_dummy, serial_bayou_pond_a
D:9:      layout_irregular_city, blue_anna_alchemist [blue_anna_fruit_fields,
          blue_anna_fruit_fields], uniq_erolcha
Temple:   corrupted_temple

Skill      XL: |  1  2  3  4  5  6  7  8  9 10 |
---------------+-------------------------------+-----
Crossbows      | 2 3 4 5 6 7 9 |  9.8
Fighting       | 5 6 7 9 10 11 | 11.1
Long Blades    | 1 3 |  3.1
Armour         | |  1.0
Dodging        | |  1.0
Stealth        | |  1.7

Action                   |  1- 3 |  4- 6 |  7- 9 | 10-12 || total
-------------------------+-------+-------+-------+-------++-------
Melee: Dagger            |       |     7 |    11 |       ||    18
       Double sword      |       |       |     9 |    34 ||    43
       Hand crossbow     |       |       |     1 |       ||     1
 Fire: Hand crossbow     |   115 |   146 |   323 |       ||   584
Throw: Stone             |       |       |     2 |    43 ||    45
  Use: Potion            |       |       |     3 |       ||     3
       Scroll            |       |       |     3 |       ||     3
  Eat: Chunk             |     1 |     9 |    14 |     1 ||    25
Armor: Leather armour    |    19 |    16 |    41 |    11 ||    87
Dodge: Dodged            |    37 |    31 |    74 |    10 ||   152
       Rpst.: Double sword |       |       |       |     5 ||     5

Table legend:
 A = Non-vault XP
 B = Vault XP
 C = Vault XP percentage of total XP
 D = Non-vault monster count
 E = Vault monster count
 F = Vault count percentage of total count
                 A         B        C        D         E       F
            +---------+---------+-------+---------+---------+-------
      Total |    5826 |    1358 |  18.9 |     204 |      19 |   8.5
            +---------+---------+-------+---------+---------+-------
        D:1 |      69 |       2 |   2.8 |      33 |       1 |   2.9
        D:2 |     107 |       0 |   0.0 |      25 |       0 |   0.0
        D:3 |      21 |       0 |   0.0 |      14 |       0 |   0.0
        D:4 |     404 |      27 |   6.3 |      21 |       7 |  25.0
        D:5 |     755 |     172 |  18.6 |      36 |       1 |   2.7
        D:6 |     567 |       0 |   0.0 |      21 |       0 |   0.0
        D:7 |     819 |    1112 |  57.6 |      28 |       6 |  17.6
        D:8 |    3029 |      45 |   1.5 |      24 |       4 |  14.3
        D:9 |      55 |       0 |   0.0 |       2 |       0 |   0.0
            +---------+---------+-------+---------+---------+-------
